Cogmind - Beta 14 @@@ ROGUE MODE // 2024.09.14 @ 13:18:33 Player: ZarZap Result: Self-destructed Performance ------------- Evolutions (1) 500 Regions Visited (2) 400 Robots Destroyed (4) 20 Value Destroyed (149) 149 Prototype IDs (0) 0 Alien Tech Used (0) 0 Bonus (0) 0 TOTAL SCORE: 1069 Bonus ------- None Cogmind --------- Core Integrity 109/400 Matter 282/300 Energy 25/100 System Corruption 0% Temperature Cool (39) Movement Core (750) Ox14 Location -9/Materials Parts ------- > --- POWER (1) -------- (None) > --- PROPULSION (4) --- (None) > --- UTILITY (2) ------ High-capacity Storage Unit Targeting Computer > --- WEAPON (2) ------- Light EM Pulse Cannon > --- INVENTORY (20) --- Ion Engine Aluminum Leg Structural Scanner Sensor Array Peak State ------------ > --- POWER ------------ Ion Engine > --- PROPULSION ------- Wheel Compact Wheel Armored Wheel > --- UTILITY ---------- Sensor Array Targeting Computer > --- WEAPON ----------- EM Pulse Gun Light Assault Rifle > --- INVENTORY -------- Ion Engine Aluminum Leg Structural Scanner Small Laser [Rating: 9] Favorites ----------- Power Ion Engine Engine Ion Engine Propulsion Wheel Wheel Wheel Utility Targeting Computer Device Sensor Array Storage High-capacity Storage Unit Processor Targeting Computer Weapon Light Assault Rifle Energy Gun EM Pulse Gun Energy Cannon Light EM Pulse Cannon Ballistic Gun Light Assault Rifle Build | -11 -10 -9 ------- Run | Yrd Mat Mat Slots Evolved 2 | . . 2 Power . | . . . Propulsion 2 | . . 2 Utility . | . . . Weapon . | . . . Parts Attached 11 | 5 2 4 Power 1 | 1 . . Engine 1 | 1 . . Core . | . . . Reactor . | . . . Propulsion 3 | 2 . 1 Treads . | . . . Leg . | . . . Wheel 3 | 2 . 1 Hover . | . . . Flight . | . . . Utility 3 | . 2 1 Device 1 | . 1 . Storage 1 | . . 1 Processor 1 | . 1 . Hackware . | . . . Protection . | . . . Artifact . | . . . Weapon 4 | 2 . 2 Energy Gun 2 | 1 . 1 Energy Cannon 1 | . . 1 Ballistic Gun 1 | 1 . . Ballistic Cannon . | . . . Launcher . | . . . Special Weapon . | . . . Impact Weapon . | . . . Slashing Weapon . | . . . Piercing Weapon . | . . . Special Melee Weapon . | . . . Unidentified Prototypes . | . . . Parts Lost 7 | . . 7 Power 1 | . . 1 Propulsion 3 | . . 3 Utility . | . . . Weapon 3 | . . 3 Highest Loss Streak 7 | . . 7 To Critical Strikes . | . . . Average Slot Usage (%) 85 | . 92 76 Engine 11 | . 14 8 Wheel 27 | . 28 26 Device 8 | . 13 1 Storage 3 | . . 9 Processor 9 | . 8 11 Energy Gun 12 | . 14 9 Ballistic Gun 12 | . 14 9 Peak Build Rating 9 | 5 7 9 Average Rating 6 | 3 6 7 On Entrance 4 | . 5 7 Naked Turns . | . . . Heaviest Build 48 | 8 9 48 Greatest Support 38 | 26 26 38 Greatest Overweight (x) 13 | 1 . 13 Average Overweight (x) . | . . . Largest Inventory Capacity 20 | 5 5 20 Average Capacity 9 | 5 5 17 Most Carried 5 | 2 4 5 Average Carried 3 | 1 2 4 Final Capacity 20 | 5 5 20 Final Carried 4 | 2 4 4 Class Distribution -------------------- 100% | Mutant Dominant Class ---------------- Mutant | -10/Materials Mutant | -9/Materials Resources | -11 -10 -9 ----------- Run | Yrd Mat Mat Matter Collected 276 | 232 44 . Remotely . | . . . Salvage Created 188 | . 46 142 Parts 10 | . 2 8 Haulers Intercepted . | . . . Recyclers Shooed . | . . . Parts Field Recycled . | . . . Retrieved Matter . | . . . Parts Self-Destructed . | . . . Prevented . | . . . Kills | -11 -10 -9 ------- Run | Yrd Mat Mat Combat Hostiles Destroyed 4 | . 1 3 Guns 2 | . 1 1 AOE 2 | . . 2 Classes Destroyed 2 | . 1 1 Grunt 3 | . 1 2 Duelist 1 | . . 1 Best Kill Streak 3 | . 1 3 Combat Bots Only 3 | . 1 3 Max Kills in Single Turn 2 | . 1 2 Gunslinging . | . . . Exploded 2 | . . 2 Melee . | . . . Uniques/NPCs Destroyed . | . . . Combat | -11 -10 -9 -------- Run | Yrd Mat Mat Hostile Shots Fired 75 | . 4 71 Missed 14 | . 1 13 Damage Taken 935 | . 32 903 Core 291 | . . 291 Absorbed by Shields . | . . . Core Remaining (%) 100 | 100 100 . Volleys Fired 23 | . 6 17 Largest 2 | . 2 2 Hottest 60 | . 60 60 Shots Fired 40 | . 12 28 Gun 38 | . 12 26 Cannon 2 | . . 2 Launcher . | . . . Special . | . . . Kinetic 19 | . 6 13 Thermal 5 | . . 5 Explosive . | . . . Electromagnetic 16 | . 6 10 Robot Hit Streak 18 | . 3 18 Robot Miss Streak 4 | . 4 2 Penetration Max . | . . . Secondary Targets . | . . . Shots Hit Robots 32 | . 7 25 Core Hits 14 | . 2 12 Critical Kills . | . . . Critical Parts Destroyed 1 | . . 1 Critical Strikes 1 | . . 1 Destroy 1 | . . 1 Melee Attacks . | . . . Impact . | . . . Slashing . | . . . Piercing . | . . . Sneak Attacks . | . . . Combat Hostiles . | . . . Follow-up Attacks . | . . . Damage Inflicted 504 | . 84 420 Guns 308 | . 84 224 Cannons 44 | . . 44 Explosions 152 | . . 152 Melee . | . . . Ramming . | . . . Kinetic 129 | . 31 98 Thermal 197 | . . 197 Explosive . | . . . Electromagnetic 178 | . 53 125 Impact . | . . . Slashing . | . . . Piercing . | . . . Highest Corruption . | . . . Average Corruption . | . . . Corruption Purged . | . . . Corruption Blocked . | . . . Overload Shots . | . . . Overflow Damage . | . . . Projectiles . | . . . Explosions . | . . . Melee . | . . . Knockbacks . | . . . Impact . | . . . Kinetic . | . . . Secondary . | . . . Self-Inflicted Damage 48 | . . 48 Shots 1 | . . 1 Rammed . | . . . Targets Rammed . | . . . Kicked . | . . . Crushed . | . . . Highest Temperature 56 | . 32 56 Average Temperature 19 | . 15 20 Received Heat Transfer 411 | . 18 393 Siege Activations . | . . . Robots Corrupted . | . . . Combat Hostiles . | . . . Parts Fried 1 | . . 1 Impact Corruptions . | . . . Robots Melted . | . . . Combat Hostiles . | . . . Parts Melted . | . . . Heat Transferred 300 | . . 300 Parts Sabotaged . | . . . Parts Stolen . | . . . Parts Stripped . | . . . Power Chain Reactions 1 | . . 1 Alert | -11 -10 -9 ------- Run | Yrd Mat Mat Peak Influence 218 | . 140 218 Initial 59 | . . 59 Average 89 | . 86 117 Maximum Alert Level 1 | . . 1 Low Security (%) 97 | 100 100 91 Level 1 2 | . . 8 Level 2 . | . . . Level 3 . | . . . Level 4 . | . . . Level 5 . | . . . High Security . | . . . Max Security . | . . . Squads Dispatched 3 | . 1 2 Investigation . | . . . Extermination . | . . . Reinforcement 3 | . 1 2 Assault . | . . . Garrison . | . . . Intercept . | . . . Searches Triggered . | . . . Construction Impeded . | . . . Haulers Reinforced . | . . . Active Scanning Responses . | . . . Cargo Convoy Interrupts . | . . . Stealth | -11 -10 -9 --------- Run | Yrd Mat Mat Distress Signals 3 | . 2 1 Communications Jammed . | . . . Distress Signals . | . . . Times Spotted 20 | . 8 12 Peak Tracking Total 7 | . 5 7 Tactical Retreats 2 | . 1 1 Traps | -11 -10 -9 ------- Run | Yrd Mat Mat Traps Triggered . | . . . Indirectly . | . . . Trap Hack Attempts . | . . . Triggered . | . . . Disarmed . | . . . Reprogrammed . | . . . Reused . | . . . Traps Extracted . | . . . Installed . | . . . Triggered . | . . . Machines | -11 -10 -9 ---------- Run | Yrd Mat Mat Machines Disabled . | . . . Max in Single Turn . | . . . Machines Repaired . | . . . Machines Dismantled . | . . . Machines Sabotaged . | . . . Overloaded Fab Kills . | . . . Hacking | -11 -10 -9 --------- Run | Yrd Mat Mat Machines Accessed 1 | . . 1 Terminals 1 | . . 1 Fabricators . | . . . Repair Stations . | . . . Recycling Units . | . . . Scanalyzers . | . . . Garrison Access . | . . . Total Hacks 1 | . . 1 Successful 1 | . . 1 Failed . | . . . Catastrophic . | . . . Database Lockouts . | . . . Manual . | . . . Terminals 1 | . . 1 Fabricators . | . . . Repair Stations . | . . . Recycling Units . | . . . Scanalyzers . | . . . Garrison Access . | . . . Terminal Hacks 1 | . . 1 Record 1 | . . 1 Fabricator Hacks . | . . . Repair Station Hacks . | . . . Recycling Unit Hacks . | . . . Scanalyzer . | . . . Garrison Access Hacks . | . . . Unauthorized Hacks . | . . . Terminals . | . . . Fabricators . | . . . Repair Stations . | . . . Recycling Units . | . . . Scanalyzers . | . . . Garrison Access . | . . . Data Cores Recovered . | . . . Used . | . . . Hacking Detections . | . . . Full Trace Events . | . . . Feedback Events . | . . . Feedback Blocked . | . . . Robot Schematics Acquired . | . . . Robots Built . | . . . Authchips . | . . . Time . | . . . Total Robot Build Rating . | . . . Part Schematics Acquired . | . . . Parts Built . | . . . Authchips . | . . . Time . | . . . Total Part Build Rating . | . . . Parts Repaired . | . . . Time . | . . . Parts Recycled . | . . . Recycled Matter . | . . . Retrieved Matter . | . . . Retrieved Components . | . . . Parts Scanalyzed . | . . . Part Schematics Acquired . | . . . Parts Damaged . | . . . Bothacking | -11 -10 -9 ------------ Run | Yrd Mat Mat Used RIF Installer . | . . . Robots Hacked . | . . . Non-combat . | . . . Combat . | . . . Robot Hacks Applied . | . . . Relay Couplers Released . | . . . Fabnet Peak Effective % . | . . . Robots Rewired . | . . . Allies Hacked . | . . . Hacks Repelled . | . . . Allies | -11 -10 -9 -------- Run | Yrd Mat Mat Total Allies . | . . . Largest Group . | . . . Highest-Rated Group . | . . . Highest-Rated Ally . | . . . Total Orders . | . . . Ally Attacks . | . . . Total Damage . | . . . Kills . | . . . Allies Corrupted . | . . . Allies Melted . | . . . Intel | -11 -10 -9 ------- Run | Yrd Mat Mat Robot Analysis Total . | . . . Derelict Logs Recovered . | . . . Drone Launches . | . . . Drone Recoveries . | . . . Exploration | -11 -10 -9 ------------- Run | Yrd Mat Mat Turns Passed 402 | 40 216 146 Spaces Moved 258 | 35 138 85 Core 5 | 4 . 1 Treads . | . . . Legs . | . . . Wheels 253 | 31 138 84 Hover . | . . . Flight . | . . . Fastest Speed 50 | 50 90 90 Average Speed 95 | 87 90 108 Slowest Speed 700 | 100 90 700 Overloaded Moves . | . . . Propulsion Burnouts . | . . . Robots Hopped . | . . . Cave-ins Triggered . | . . . Exploration Rate (%) 17 | 3 33 16 Regions Visited 2 Branch Regions . Pre-discovered Areas . | . . . Known Exits Taken . | . . . Unknown Exits Taken 2 | 1 1 . Scrap Searched . | . . . Spaces Dug . | . . . Terrain Destroyed 3 | . . 3 Melee . | . . . Projectile . | . . . AOE 3 | . . 3 Terrain Rammed . | . . . Walls Destroyed . | . . . Machines Disabled . | . . . Actions | -11 -10 -9 --------- Run | Yrd Mat Mat Total 370 | 41 217 112 Wait 75 | . 70 5 Move 256 | 34 137 85 Hop . | . . . Pick Up 4 | 2 2 . Fast Attach 10 | 5 2 3 Attach 1 | . . 1 Detach 1 | . . 1 Swap . | . . . Drop . | . . . Fire 23 | . 6 17 Melee . | . . . Ram . | . . . Kick . | . . . Crush . | . . . Escape Stasis . | . . . Rewire . | . . . Trap . | . . . Miscellaneous . | . . . Route ------- -11/Scrapyard -10/Materials -9/Materials History --------- Turn | Location | Event 6 | -11/Scrapyard | Discovered new exit (range 16) 41 | -11/Scrapyard | Entered Materials 248 | -10/Materials | Discovered new exit (range 11) 257 | -10/Materials | Entered another Materials area 257 | -9/Materials | Evolved 2 slots: Propulsion x2 318 | -9/Materials | Build established: Mutant 397 | -9/Materials | Core integrity fell below 50% 403 | -9/Materials | Self-destructed Last Messages --------------- 00359_ G-34 Mercenary destroyed. 00360_ Ion Engine destroyed. 00361_ K-01 Serf collects debris. 00363_ L-31 Rogue suffers critical hit (Destroy). 00363_ Destroyed Imp. Aluminum Leg. 00364_ K-01 Serf collects debris. 00368_ Melee Analysis Suite fried. 00368_ L-31 Rogue destroyed. 00369_ EM Pulse Gun destroyed. 00370_ K-01 Serf collects debris. 00372_ R-06 Scavenger collects Aluminum Leg. 00373_ K-01 Serf collects debris. 00374_ Critical hit (Burn: +37). 00375_ R-06 Scavenger collects Lgt. Ion Engine. 00380_ Wheel destroyed. 00380_ Critical hit (Burn: +37). 00382_ Lgt. Assault Rifle destroyed. 00390_ Arm. Wheel destroyed. 00396_ Sml. Laser destroyed. 00398_ Acquired Lgt. EM Pulse Cannon. Map ----- +----------------------------------------------------+ | ????????????? # """ """ # #????????? | | ????????????? # # #????????? | | ????????????? # # ########?? | | ????????????? # """T""" # # T #?? | | ????????????# ########### # #?? | | ????????????# #?????????# # #?? | | ??????????### ########### + #?? | | ??????????# # #?? | | ??????????# # #?? | | ??????????# ########?? | | ??????????# ############+#####?????? | | ??#+##+#### # # #?????? | | # """ + #?????? | | ] + """ # #?????? | | # """ # #?????? | | """ # !# #?????? | | ?""" # """ # #?????? | | ??" # """ # #?????? | | ? # """ # #?????? | | # ###########?????? | | ? # """ #???????????????? | | ? # """ #???????????????? | | ?? # """ #???????????????? | | ?? # #???????????????? | | ??? ! [[!#####+###########??????? | | ????? [[!????# ## @ #??????? | | ??????? [!!????# ## """#??????? | | ???? ##### "#gg """#??????? | | ???? %m% """#??????? | | ???? % =;Yg #??????? | | ???? !%[ """#??????? | | ????? ########### *# """#??????? | | ?????????????????# # """#??????? | | ?????????????????# # #??????? | | ?????????????????# ##########??????? | | ?????????????????# #???????????????? | | ?????????????????+ #???????????????? | | ???????????????? # #???????????????? | | ???????????????? #####???????????????? | | ??????????????? ?????????????????????? | | ?????????????? ?????????????????????? | | ??????????????#??????????????????????? | | ?????????????????????????????????????? | | ?????????????????????????????????????? | | ?????????????????????????????????????? | | ?????????????????????????????????????? | | ?????????????????????????????????????? | | ?????????????????????????????????????? | | ?????????????????????????????????????? | | ?????????????????????????????????????? | +----------------------------------------------------+ Best States ------------- Heat Dissipation 28 Energy Generation 10 Energy Capacity 250 Matter Stores 300 Matter Capacity 300 Sight Range 16 Robot Scan Range 14 Terrain Scan Density 10 Evasion (%) 44 Targeting Accuracy 5 Item Schematics ----------------- None Robot Schematics ------------------ None Fabricated ------------ Nothing Alien Tech Used ----------------- None Achievements -------------- None Challenges ------------ None Game ------ Seed ThiefVisualRailgun Manual? 0 Play Time 00:06:13 Cumulative 13.7 hours Start 2024.09.14 @ 13:14:03 End 2024.09.14 @ 13:18:33 Sessions 1 Manual Loads 0 Difficulty Rogue Special Mode None Game No. 55 Rogue 55 Adventurer 0 Explorer 0 Win Type - Total 0 Types 0/0/0/0/0/0/0/0/0 Lore% 9 Gallery% 19 Achievement% 14 Wizard Run 0 Options --------- Layout 2 ASCII 0 Keyboard 0 Movement Mouse Keybinds 0 Fullscreen 1 Font 16/Smallcaps Map View 55x47 Zoom Use 0% Tactical HUD 1 Map Filters NONE Filters NONE Steam 1 RUN: ec9b3113-c558-40ed-9ac4-62b36a875abf